 Dungeon Crawl Stone Soup version 0.17.2-1-ge4368a0 (webtiles) character file.

23 ololoev the Skirmisher (level 2, 13/24 HPs)
             Began as a Demonspawn Fighter on Oct 26, 2016.
             Quit the game on level 2 of the Dungeon.
             The game lasted 00:01:10 (167 turns).

ololoev the Skirmisher (Demonspawn Fighter)          Turns: 167, Time: 00:01:10

Health: 13/24      AC:  7    Str: 16    XL:     2   Next: 75%
Magic:  2/2        EV:  9    Int:  9    God:
Gold:   0          SH:  0    Dex: 12    Spells: 0 memorised, 1 level left

rFire  . . .     SeeInvis .     a - +0 war axe
rCold  . . .     Clarity  .     b - +0 scale mail
rNeg   . . .     SustAt   .     (no shield)
rPois  .         Gourm    .     (no helmet)
rElec  .         Spirit   .     (no cloak)
rCorr  .         Warding  .     (no gloves)
rMut   .         Stasis   .     (no boots)
MR     .....                    (no amulet)
Stlth  ..........               (no ring)
                                (no ring)

@: seriously poisoned (13 -> 4), not resistant to hostile enchantments,
extremely unstealthy
A: icy blue scales 1
a: no special abilities


Innate Abilities, Weirdness & Mutations

You are partially covered in icy blue scales (AC +1).

Inventory:

Hand Weapons
 a - a +0 war axe (weapon)
Armour
 b - a +0 scale mail (worn)
Scrolls
 c - 2 scrolls of identify {unknown}
 f - a scroll of teleportation {unknown}
Comestibles
 e - 2 bread rations


   Skills:
 + Level 3.2 Fighting
 * Level 2.3 Axes
 + Level 3.1 Armour
   Level 2.6 Shields


You had one spell level left.
You didn't know any spells.


You were on level 2 of the Dungeon.
You were not hungry.

You visited 1 branch of the dungeon, and saw 2 of its levels.

##..####≈≈#####.#
#.##.##.≈≈.#8...#####
##.##.#.≈≈.#.)#.#...
#.###..≈≈.##.#.#.###
##.#.##.≈≈.##†#......
#.##(##.≈≈.##.#.#.###
#.# #g#.≈≈.#8.#.#.#
#.###.#.≈≈.#..#.#.#
##.#@##.≈≈.##.#.#.#
##.###.≈≈.##.#.#.#
#.## #.≈≈.##.#.#.#
#.# #.≈≈.#8.#.#.# ##
#.≈≈.#..#...#
#.≈†.##.#.#####
#.≈≈.##.#......
#.≈≈†##.#...###
#.≈≈.#8.#.#....

Notes
Turn   | Place    | Note
--------------------------------------------------------------
     0 | D:1      | ololoev the Demonspawn Fighter began the quest for the Orb.
     0 | D:1      | Reached XP level 1. HP: 18/18 MP: 1/1
    53 | D:2      | Gained mutation: You are partially covered in icy blue scales (AC +1). [demonic ancestry]
    53 | D:2      | Reached XP level 2. HP: 8/24 MP: 2/2
   167 | D:2      | Quit the game

Dungeon Overview and Level Annotations

Branches:
Dungeon (2/15)

Altars:


Message History

Your scale mail prevents you from hitting the giant newt.
You closely miss the rat. You closely miss the goblin.
The giant newt closely misses you. The rat bites you but does no damage.
The goblin splashes around in the water.
The giant newt bites you but does no damage.
You miss the giant newt. You closely miss the goblin. You closely miss the rat.
The rat bites you but does no damage.
The goblin splashes around in the water.
The giant newt closely misses you. The rat barely misses you.
A hobgoblin comes into view.
You closely miss the giant newt.
The hobgoblin shouts!
You hit the rat.
You kill the rat!
You closely miss the goblin. The goblin hits you but does no damage.
The giant newt misses you. The goblin hits you but does no damage.
You hit the giant newt.
You kill the giant newt!
You slash the goblin!
You kill the goblin!
You closely miss the hobgoblin.
The hobgoblin hits you but does no damage.
You barely miss the hobgoblin. The hobgoblin barely misses you.
The hobgoblin closely misses you.
You hit the hobgoblin but do no damage. The hobgoblin hits you.
You closely miss the hobgoblin. The hobgoblin misses you.
The hobgoblin barely misses you.
You closely miss the hobgoblin. The hobgoblin hits you.
You slash the hobgoblin!
You kill the hobgoblin!
You enter the shallow water.
Moving in this stuff is going to be slow.
A gnoll comes into view. It is wielding a spear.
The gnoll shouts!
Found 2 tomahawks.
Drink which item? (? for menu, Esc to quit)
It was a potion of poison.
That liquid tasted very nasty...
You are poisoned.
You feel sick. The gnoll hits you but does no damage.
Are you sure you want to abandon this character and quit the game? (Confirm with "yes".)

You could see a gnoll.

Vanquished Creatures
  An adder (D:2)
  A worm (D:2)
  A giant cockroach (D:2)
  A hobgoblin (D:2)
  A giant newt (D:2)
  3 goblins (D:2)
  2 kobolds (D:2)
  A rat (D:2)
11 creatures vanquished.

Action                   || total
-------------------------++-------
Melee: War axe           ||    48
  Use: Potion            ||     2

Vault maps used:
D:1:      dpeg_arrival_fog, nrook_loot_triangle
D:2:      wad_river_or_something, lemuel_altar_in_water2
